 Dungeon Crawl Stone Soup version 0.32-a0-893-gf85d74f360 (webtiles) character file.

Game seed: 4354516624263610682

516 Autsider the Digger (level 7, -3/41 HPs)
             Began as a Gargoyle Earth Elementalist on Apr 3, 2024.
             Slain by Duvessa
             ... wielding a +0 rapier
              (12 damage)
             ... on level 5 of the Dungeon.
             The game lasted 00:04:54 (3550 turns).

Autsider the Digger (Gargoyle Earth Elementalist)   Turns: 3550, Time: 00:04:55

Health: -3/41      AC:  6    Str: 12    XL:     7   Next: 20%
Magic:  5/12       EV: 16    Int: 26    God:
Gold:   206        SH:  0    Dex: 13    Spells: 9/13 levels left

rFire   . . .        l - +0 mace
rCold   . . .        (no shield)
rNeg    + . .        a - +0 robe
rPois   ∞            (no helmet)
rElec   +            (no cloak)
rCorr   .            (no gloves)
SInv    .            (no boots)
Will    .....        (no amulet)
Stlth   ++           f - ring "Asegh" {Wiz Will- Int+9 Dex+3}
HPRegen 0.26/turn    k - +5 ring of evasion
MPRegen 0.13/turn

%: wizardry (x1)
@: no status effects
A: sickness immunity, AC +4, negative energy resistance 1, electricity
resistance, torment resistance 1, petrification resistance
a: no special abilities


You were on level 5 of the Dungeon.
You visited 1 branch of the dungeon, and saw 5 of its levels.

You collected 206 gold pieces.

Inventory:

Hand Weapons
 l - a +0 mace (weapon)
Armour
 a - a +0 robe (worn)
Jewellery
 e - a ring of see invisible
 f - the ring "Asegh" (left hand) {Wiz Will- Int+9 Dex+3}
   (You found it on level 2 of the Dungeon)

   [ring of wizardry]

   Wiz:       It improves your spell success rate.
   Int+9:     It affects your intelligence (+9).
   Dex+3:     It affects your dexterity (+3).
   Will-:     It decreases your willpower.
 k - a +5 ring of evasion (right hand)
Scrolls
 d - 3 scrolls of butterflies {unknown}
 i - a scroll of teleportation {unknown}
 m - a scroll of poison {unknown}
 o - a scroll of vulnerability {unknown}
 q - 3 scrolls of amnesia {unknown}
 s - a scroll of identify {unknown}
Potions
 b - a potion of magic
 c - a potion of degeneration {unknown}
 g - 3 potions of heal wounds {unknown}
 h - a potion of cancellation {unknown}
 j - a potion of invisibility {unknown}
 n - a potion of attraction {unknown}
 p - a potion of lignification {unknown}
 r - 2 potions of curing {unknown}


   Skills:
 + Level 3.3 Fighting
 - Level 1.5 Dodging
 - Level 2.1 Stealth
 + Level 3.5 Spellcasting
 + Level 3.6 Conjurations
 * Level 6.6 Earth Magic


You had 9 spell levels left.
You knew the following spells:

 Your Spells              Type           Power      Damage    Failure   Level
a - Sandblast             Erth           78%        2d17      1%          1
b - Stone Arrow           Conj/Erth      62%        3d10      1%          3

Your spell library contained the following spells:

 Spells                   Type           Power      Damage    Failure   Level
 Passwall                 Erth           39%        N/A       1%          3
 Brom's Barrelling Bould  Conj/Erth      31%        2d5       4%          4
 Petrify                  Alch/Erth      21%        N/A       9%          4


Dungeon Overview and Level Annotations

Branches:
Dungeon (5/15)
 Temple: D:4-7

Altars:
Makhleb
Zin

Shops:
D:3 (

Annotations:
D:5 Dowan, Duvessa


Innate Abilities, Weirdness & Mutations

You are immune to sickness and miasma.
Your stone body is resilient. (AC +4)
You are immune to poison.
You resist negative energy. (rN+)
You are resistant to electric shocks. (rElec)
You are resistant to unholy torment.
You are immune to petrification.


Message History

Dowan casts a spell at Duvessa.
Duvessa seems to speed up.
You barely miss Duvessa.
Duvessa is heavily wounded.
Duvessa misses you. x2
You barely miss Duvessa.
Duvessa is heavily wounded.
Duvessa hits you with a +0 rapier. Duvessa hits you but does no damage.
You hit Duvessa.
Duvessa is severely wounded.
Duvessa hits you but does no damage. Duvessa completely misses you.
You barely miss Duvessa.
Duvessa is severely wounded.
Duvessa hits you with a +0 rapier.
Dowan smirks and points a slender finger.
Duvessa hits you with a +0 rapier.
* * * LOW HITPOINT WARNING * * *
You closely miss Duvessa.
Duvessa is severely wounded.
Duvessa hits you but does no damage.
Dowan mumbles some strange words.
Dowan blinks!
Duvessa hits you but does no damage.
You hit Duvessa but do no damage.
Duvessa is severely wounded.
Duvessa completely misses you. Duvessa misses you.
You hit Duvessa but do no damage.
Duvessa is severely wounded.
Duvessa hits you with a +0 rapier.
* * * LOW HITPOINT WARNING * * *
Duvessa hits you with a +0 rapier.
* * * LOW HITPOINT WARNING * * *
Duvessa barely misses you. Duvessa closely misses you.
Duvessa attacks as she pursues you! Duvessa hits you with a +0 rapier.
* * * LOW HITPOINT WARNING * * *
Duvessa hits you with a +0 rapier.
* * * LOW HITPOINT WARNING * * *
There is a stone staircase leading up here.
Duvessa hits you with a +0 rapier!
You die...

# #..#
#.#..#
.#... ...#
#..###
#....#
#.#.# #.#.#
#e#@#
#.#e##
#.e..#
###..#
..######..#
..........#
.#######.##
...)....#
#########


You could see Duvessa (fast) and Dowan.

Vanquished Creatures
  Menkaure (D:4)
  An ogre (D:4)
  A phantom (D:4)
  3 orc priests (D:4)
  An orc wizard (D:4)
  5 adders
  2 dart slugs
  2 ribbon worms
  9 orcs
  7 bats
  5 endoplasms
  A giant cockroach (D:1)
  7 goblins
  11 hobgoblins
  6 kobolds
  3 quokkas
  4 ball pythons (D:1)
  2 frilled lizards (D:3)
  A rat (D:1)
72 creatures vanquished.

Notes
Turn   | Place    | Note
-------+----------+-------------------------------------------
     0 | D:1      | Autsider the Gargoyle Earth Elementalist began the quest
                  | for the Orb.
     0 | D:1      | Reached XP level 1. HP: 10/10 MP: 3/3
   169 | D:1      | Reached XP level 2. HP: 16/16 MP: 3/5
   254 | D:1      | Reached skill level 4 in Earth Magic
   560 | D:1      | Reached skill level 1 in Fighting
   789 | D:1      | Reached XP level 3. HP: 20/20 MP: 4/6
  1247 | D:2      | Identified the ring "Asegh" {Wiz Will- Int+9 Dex+3}
  1391 | D:2      | Found a glowing silver altar of Zin.
  1396 | D:2      | Learned a level 3 spell: Stone Arrow
  1494 | D:2      | Found a faded altar of an unknown god.
  1898 | D:3      | Reached XP level 4. HP: 25/25 MP: 5/7
  2230 | D:3      | Found Paomafuc's Antique Weapon Shoppe.
  2316 | D:3      | Found a burning altar of Makhleb.
  2316 | D:3      | Noticed a blizzard demon
  2507 | D:4      | Noticed a phantom
  2517 | D:4      | Killed a phantom
  2518 | D:4      | Reached skill level 5 in Earth Magic
  2518 | D:4      | Reached XP level 5. HP: 23/30 MP: 1/9
  2604 | D:4      | Reached XP level 6. HP: 29/36 MP: 4/10
  3277 | D:4      | Noticed Menkaure
  3281 | D:4      | Reached skill level 6 in Earth Magic
  3283 | D:4      | Killed Menkaure
  3284 | D:4      | Reached XP level 7. HP: 41/41 MP: 5/12
  3513 | D:5      | Entered Level 5 of the Dungeon
  3526 | D:5      | Noticed Dowan
  3531 | D:5      | Noticed Duvessa
  3550 | D:5      | Slain by Duvessa

Illustrated notes

Levels and vault maps discovered:
D:1:      saegor_arrival_simple_b, layout_loops_ring
D:2:      layout_loops_corners, shapermc_ecumenical_altar_starsandcircs,
          basic_altar
D:3:      corexii_shack_village, layout_rooms, makhleb_altar_promises_db,
          serial_shops, shop
D:4:      layout_loops_ring, uniq_menkaure
D:5:      layout_basic, kennysheep_vampire_church, uniq_duvessa

Skill      XL: |  1  2  3  4  5  6 |
---------------+-------------------+-----
Earth Magic    | 4 5 6 |  6.6
Fighting       | 1 2 3 |  3.3
Conjurations   | 2 3 |  3.6
Spellcasting   | 3 |  3.5
Dodging        | |  1.5
Stealth        | |  2.1

Action                     |  1- 3 |  4- 6 |  7- 9 || total
---------------------------+-------+-------+-------++-------
  Melee: Mace              |       |    16 |     9 ||    25
   Cast: Sandblast         |    44 |    57 |     2 ||   103
         Stone Arrow       |       |     2 |     6 ||     8
 Armour: Robe              |     3 |    26 |    13 ||    42
  Dodge: Dodged            |     5 |    29 |    11 ||    45

Table legend: (Time is in decaauts)
 A = Elapsed time spent in this place.
 B = Non-inter-level travel time spent in this place.
 C = Inter-level travel time spent in this place.
 D = Time resting spent in this place.
 E = Time spent auto-exploring this place.
 F = Levels seen in this place.
 G = Mean time per level.
                   A        B        C        D        E       F      G
               +--------+--------+--------+--------+--------+-----+--------+
         Total |   3607 |   3515 |     92 |      0 |   3093 |   5 |  721.4 |
       Dungeon |   3607 |   3515 |     92 |      0 |   3093 |   5 |  721.4 |
               +--------+--------+--------+--------+--------+-----+--------+

Top non-repeatable levels by time:
     D:4: 1080 daAuts
     D:1: 852 daAuts
     D:2: 849 daAuts
     D:3: 784 daAuts
     D:5: 40 daAuts
